 Dungeon Crawl Stone Soup version 0.20.0-1-g1cb1d84 (webtiles) character file.

45686 MTVSty1e the Warrior (level 14, -2/202 HPs)
             Began as a Minotaur Monk on May 26, 2017.
             Was the Champion of Makhleb.
             Slain by a dire elephant (7 damage)
             ... on level 6 of the Lair of Beasts.
             The game lasted 00:45:43 (20030 turns).

MTVSty1e the Warrior (Minotaur Monk)               Turns: 20030, Time: 00:45:44

Health: -2/202     AC: 17    Str: 26    XL:     14   Next: 2%
Magic:  19/19      EV: 25    Int:  7    God:    Makhleb [******]
Gold:   1405       SH:  0    Dex: 20    Spells: 13/13 levels left

rFire    . . .     SeeInvis .   Z - +4 battleaxe (freeze)
rCold    + . .     Gourm    .   (shield currently unavailable)
rNeg     + . .     Faith    .   C - +5 ring mail "Ugheklosch" {rElec rC+ rCorr Stlth-}
rPois    +         Spirit   .   I - +2 hat
rElec    +         Reflect  .   (no cloak)
rCorr    +         Harm     .   i - +0 pair of gloves
MR       +....                  (no boots)
Stlth    ..........             o - amulet of rage
Regen    0.5/turn               x - ring of positive energy
MPRegen  0.2/turn               D - ring of resist corrosion

@: mighty, agile, berserking, very quick
A: retaliatory headbutt, claws 1, fangs 1, horns 2, talons 1, molten scales 1,
agile 1, poison resistance, subdued magic 2
a: Minor Destruction, Lesser Servant of Makhleb, Major Destruction, Greater
Servant of Makhleb, Renounce Religion, Evoke Berserk Rage


You were on level 6 of the Lair of Beasts.
You worshipped Makhleb.
Makhleb was exalted by your worship.
You were not hungry.

You visited 3 branches of the dungeon, and saw 17 of its levels.
You also visited: Ossuary and Ice Cave.

You collected 1405 gold pieces.

Inventory:

Hand Weapons
 B - a +2 war axe of flaming
 Z - a +4 battleaxe of freezing (weapon)
Armour
 i - a +0 pair of gloves (worn)
 C - the +5 ring mail "Ugheklosch" (worn) {rElec rC+ rCorr Stlth-}
   (You found it on level 3 of the Lair of Beasts)

   It protects you from cold.
   It insulates you from electricity.
   It protects you from acid and corrosion.
   It makes you less stealthy.
 I - a +2 hat (worn)
Jewellery
 o - an amulet of rage (around neck)
 q - an uncursed ring of protection from cold
 x - a ring of positive energy (left hand)
 D - a ring of resist corrosion (right hand)
Wands
 j - a wand of enslavement (17/24)
 l - a wand of confusion (20/48)
 s - a wand of lightning (8/15)
 u - a wand of paralysis (11/24)
 y - a wand of iceblast (10/15)
 A - a wand of polymorph (9/24)
Scrolls
 b - 2 scrolls of blinking
 e - 5 scrolls of remove curse
 g - 5 scrolls of enchant weapon
 r - 3 scrolls of identify
 z - 12 scrolls of teleportation
 E - a scroll of silence
 N - 2 scrolls of fog
 S - 2 scrolls of amnesia
 T - a scroll of enchant armour
Potions
 a - 4 potions of cancellation
 d - 11 potions of curing
 h - 7 potions of lignification
 k - a potion of mutation
 n - 4 potions of haste
 t - 6 potions of agility
 w - a potion of berserk rage
 F - a potion of invisibility
 G - 2 potions of heal wounds
 L - 2 potions of magic
 O - 3 potions of brilliance
 Q - a potion of resistance
Comestibles
 c - 9 royal jellies
 f - 40 fruits
 K - 8 bread rations


   Skills:
 * Level 15.1 Fighting
 * Level 14.0 Axes
 + Level 10.9 Armour
 + Level 10.5 Dodging
 - Level 1.5 Stealth
 + Level 7.7 Invocations
 + Level 8.2 Evocations


You had 13 spell levels left.
You didn't know any spells.

Dungeon Overview and Level Annotations

Branches:
Dungeon (10/15)            Temple (1/1) D:5            Lair (6/6) D:8
 Shoals (0/4) Lair:4        Snake (0/4) Lair:2        Slime (0/5) Lair:5
    Orc: D:9-12

Altars:
Ashenzari
Cheibriados
Dithmenos
Elyvilon
Fedhas
Gozag
Hepliaklqana
Kikubaaqudgha
Makhleb
Nemelex Xobeh
Okawaru
Qazlal
Ru
Sif Muna
Trog
Uskayaw
Vehumet
Xom
Yredelemnul
Zin
The Shining One

Shops:
D:5 (}*


Innate Abilities, Weirdness & Mutations

You reflexively headbutt those who attack you in melee.
You have a pair of horns on your head.
You have sharp fingernails.
You have very sharp teeth.
You have sharp toenails.
You are partially covered in molten scales. (AC +2)
You are agile. (Dex +2)
Your system is resistant to poisons. (rPois)
Your spells are easier to cast, but less powerful.


Message History

You hold your ground!
The dire elephant trunk-slaps you!
* * * LOW HITPOINT WARNING * * *
The dire elephant tramples you!
* * * LOW HITPOINT WARNING * * *
You hold your ground!
The dire elephant trunk-slaps you.
* * * LOW HITPOINT WARNING * * *
The dire elephant barely misses you. You furiously retaliate!
You headbutt the dire elephant!
The dire elephant completely misses you.
You are too injured to fight recklessly!
You are too injured to fight recklessly!
You hit the dire elephant. You freeze the dire elephant.
You claw the dire elephant, but do no damage.
The dire elephant is lightly wounded.
You slash the dire elephant! You freeze the dire elephant.
You slice the dire elephant!! You freeze the dire elephant.
The dire elephant tramples you!
* * * LOW HITPOINT WARNING * * *
You hold your ground!
The dire elephant trunk-slaps you!
You die...

###### ####....## #........###
♣..........# ♣8♣##.#..#..#
###'##''######### ####
#8.8#....8##.≈≈##...!##
#...#.P...Y.Y≈≈≈'...$[#
#.#.####.8#@Y≈≈≈'...%:#
#+#....####.≈≈≈≈#...$##
####....#≈≈≈≈.######
####.###≈.###8.8##
#♣♣♣##P..#####8.⌠.8#####.
##♣....###..........[P.....
#♣####♣.......♣########'''#######
..............÷...............#..
...............P.................


You could see 3 dire elephants.

Vanquished Creatures
  A frost giant (IceCv)
  7 hydras
  An anaconda (Lair:6)
  A two-headed ogre (D:8)
  5 death yaks (Lair:4)
  5 elephants (Lair:4)
  4 black mambas
  An eye of devastation (Lair:5)
  An ice statue (IceCv)
  A torpor snail (Lair:5)
  12 spiny frogs
  2 rime drakes
  A kobold demonologist (D:8)
  8 komodo dragons
  16 polar bears
  A troll (D:10)
  19 blink frogs
  7 hippogriffs
  A wyvern (D:8)
  32 yaks
  A hungry ghost (D:8)
  2 steam dragons
  A basilisk (Lair:6)
  3 nagas (Lair:2)
  13 water moccasins
  Duvessa (D:4)
  9 porcupines
  4 ice beasts
  2 eyes of draining
  7 orc warriors
  2 phantoms
  A black bear (D:10)
  2 sky beasts
  16 wolves
  A necrophage (D:8)
  6 ogres
  3 centaurs
  11 crocodiles
  12 big kobolds (D:8)
  13 bullfrogs
  Dowan (D:4)
  3 scorpions
  8 killer bees (D:8)
  4 wights (D:7)
  4 howler monkeys
  3 crimson imps
  8 hounds
  2 centaur zombies
  6 orc priests
  2 jellies
  19 orc wizards
  10 iguanas
  3 worker ants
  13 mummies (Ossuary)
  4 hound skeletons
  2 worker ant zombies
  6 adders
  6 gnolls
  A shadow imp (D:7)
  4 oozes
  An adder skeleton (D:5)
  A worm (D:6)
  A dart slug (D:4)
  8 leopard geckos
  38 orcs
  5 giant cockroaches
  6 hobgoblins
  24 jackals
  10 kobolds
  2 quokkas
  5 bats
  6 frilled lizards
  A gnoll skeleton (Ossuary)
  3 goblins
  2 goblin skeletons (Ossuary)
  3 kobold skeletons (Ossuary)
  2 orc skeletons (Ossuary)
  A quokka skeleton (D:6)
  10 rats
  11 rat skeletons (Ossuary)
  2 fungi (Lair:4)
  5 plants
492 creatures vanquished.

Vanquished Creatures (collateral kills)
  A crocodile (D:10)
1 creature vanquished.

Vanquished Creatures (others)
  A wizard (D:7)
  A wolf (IceCv)
  A quokka (D:8)
  3 fungi
6 creatures vanquished.

Grand Total: 499 creatures vanquished

Notes
Turn   | Place    | Note
-------+----------+-------------------------------------------
     0 | D:1      | MTVSty1e the Minotaur Monk began the quest for the Orb.
     0 | D:1      | Reached XP level 1. HP: 19/19 MP: 0/0
   430 | D:1      | Reached XP level 2. HP: 24/27 MP: 1/1
   803 | D:1      | Reached skill level 4 in Fighting
  1186 | D:2      | Reached skill level 1 in Armour
  1187 | D:2      | Reached XP level 3. HP: 30/34 MP: 2/2
  1811 | D:2      | Reached XP level 4. HP: 40/41 MP: 3/3
  2088 | D:3      | Reached skill level 5 in Fighting
  2389 | D:3      | Found a shimmering altar of Xom.
  2512 | D:3      | Reached XP level 5. HP: 48/48 MP: 4/4
  2937 | D:4      | Noticed an ogre
  2949 | D:4      | Killed an ogre
  2949 | D:4      | Reached skill level 5 in Axes
  3228 | D:4      | Reached skill level 1 in Evocations
  3228 | D:4      | Reached XP level 6. HP: 55/57 MP: 5/5
  3264 | D:4      | Found an opulent altar of Gozag.
  3475 | D:4      | Reached skill level 6 in Fighting
  3899 | D:5      | Entered Level 5 of the Dungeon
  3901 | D:5      | Noticed Dowan
  3905 | D:5      | Noticed Duvessa
  4055 | D:4      | Killed Duvessa
  4055 | D:4      | Reached XP level 7. HP: 30/64 MP: 7/7
  4060 | D:4      | Killed Dowan
  4351 | D:5      | Reached skill level 7 in Fighting
  4351 | D:5      | Reached skill level 5 in Dodging
  4657 | D:5      | Found an iron altar of Okawaru.
  4786 | D:5      | Found Qounkor's Assorted Antiques.
  4976 | D:5      | Found Kuah's Gadget Shop.
  5142 | D:5      | Found Lolaub's Antique Weapon Boutique.
  5176 | D:5      | Found a hide-covered altar of Uskayaw.
  5176 | D:5      | Found a deep blue altar of Sif Muna.
  5450 | D:5      | Found a staircase to the Ecumenical Temple.
  5460 | Temple   | Entered the Ecumenical Temple
  6063 | D:6      | Reached XP level 8. HP: 73/73 MP: 8/8
  6157 | D:6      | Reached skill level 8 in Fighting
  6590 | D:6      | Found a burning altar of Makhleb.
  6598 | D:6      | Became a worshipper of Makhleb the Destroyer
  6598 | D:6      | Reached * piety under Makhleb
  6598 | D:6      | Reached ** piety under Makhleb
  6819 | D:7      | Noticed a hippogriff
  6824 | D:7      | Killed a hippogriff
  6824 | D:7      | Reached skill level 5 in Armour
  6895 | D:7      | Found a bloodstained altar of Trog.
  6896 | D:7      | Noticed a wizard
  6904 | D:7      | Killed a wizard
  6976 | D:7      | Noticed a hippogriff
  6993 | D:7      | Killed a hippogriff
  6993 | D:7      | Reached skill level 9 in Fighting
  6993 | D:7      | Reached XP level 9. HP: 60/83 MP: 10/10
  7133 | D:7      | Found a sand-covered staircase.
  7138 | Ossuary  | Entered an ossuary
  7504 | Ossuary  | Reached *** piety under Makhleb
  7685 | D:7      | Reached skill level 1 in Invocations
  8673 | D:8      | Reached skill level 10 in Fighting
  8697 | D:8      | Found a glowing silver altar of Zin.
  8977 | D:8      | Reached XP level 10. HP: 34/94 MP: 12/12
  9351 | D:8      | Found a staircase to the Lair.
  9410 | D:8      | Noticed a two-headed ogre
  9419 | D:8      | Killed a two-headed ogre
  9420 | D:8      | Reached **** piety under Makhleb
  9778 | D:8      | Reached skill level 5 in Evocations
  9784 | D:8      | Reached skill level 11 in Fighting
  9997 | D:8      | Gained mutation: Your spells are a little easier to cast, but a little less powerful. [mutagenic meat]
  9998 | D:8      | Gained mutation: You are frail. (-10% HP) [mutagenic meat]
  9999 | D:8      | Gained mutation: Your system is resistant to poisons. (rPois) [mutagenic meat]
 10000 | D:8      | Gained mutation: You have very sharp teeth. [mutagenic meat]
 10001 | D:8      | Gained mutation: You are partially covered in molten scales. (AC +2) [mutagenic meat]
 10002 | D:8      | Gained mutation: You evolve. [mutagenic meat]
 10317 | D:9      | Got a bronze chain mail
 10328 | D:9      | Identified the cursed +1 chain mail of Unreason {Str+2} (You found it on level 9 of the Dungeon)
 10331 | D:9      | Lost mutation: You evolve. [potion of mutation]
 10331 | D:9      | Lost mutation: You are frail. (-10% HP) [potion of mutation]
 10331 | D:9      | Gained mutation: You are agile. (Dex +2) [potion of mutation]
 10331 | D:9      | Gained mutation: You have sharp fingernails. [potion of mutation]
 10348 | D:9      | Gained mutation: Your spells are easier to cast, but less powerful. [mutagenic meat]
 10349 | D:9      | Gained mutation: You have sharp toenails. [mutagenic meat]
 10418 | D:9      | Reached skill level 10 in Axes
 10485 | D:9      | Reached ***** piety under Makhleb
 11044 | D:9      | Found a sparkling altar of Nemelex Xobeh.
 11320 | D:9      | Reached XP level 11. HP: 102/102 MP: 14/14
 11379 | D:10     | Entered Level 10 of the Dungeon
 11550 | D:10     | Got a transparent chain mail
 11578 | D:10     | Identified the +5 chain mail of Bewkad {rC+ Int+4} (You found it on level 10 of the Dungeon)
 12460 | Lair:1   | Entered Level 1 of the Lair of Beasts
 12460 | Lair:1   | Noticed a five-headed hydra
 12469 | Lair:1   | Killed a two-headed hydra
 12482 | Lair:1   | Noticed a six-headed hydra
 12493 | Lair:1   | Killed a three-headed hydra
 12493 | Lair:1   | Reached skill level 12 in Fighting
 13039 | Lair:1   | Reached skill level 5 in Invocations
 13988 | Lair:2   | Found a staircase to the Snake Pit.
 14302 | Lair:2   | Noticed a six-headed hydra
 14308 | Lair:2   | Reached XP level 12. HP: 93/113 MP: 15/15
 14314 | Lair:2   | Killed a one-headed hydra
 14325 | Lair:2   | Reached skill level 13 in Fighting
 15132 | Lair:3   | Noticed a five-headed hydra
 15144 | Lair:3   | Killed a one-headed hydra
 15481 | Lair:3   | Got a faintly humming ring mail
 15492 | Lair:3   | Identified the +5 ring mail "Ugheklosch" {rElec rC+ rCorr Stlth-} (You found it on level 3 of the Lair of Beasts)
 15594 | Lair:3   | Noticed a six-headed hydra
 15606 | Lair:3   | Killed a one-headed hydra
 16073 | Lair:4   | Found a staircase to the Shoals.
 16115 | Lair:4   | Noticed a death yak
 16116 | Lair:4   | Noticed a death yak
 16120 | Lair:4   | Noticed a death yak
 16122 | Lair:4   | Noticed a death yak
 16124 | Lair:4   | Noticed a death yak
 16134 | Lair:4   | Killed a death yak
 16138 | Lair:4   | Killed a death yak
 16139 | Lair:4   | Killed a death yak
 16141 | Lair:4   | Killed a death yak
 16144 | Lair:4   | Killed a death yak
 16223 | Lair:4   | Reached skill level 14 in Fighting
 16234 | Lair:4   | Reached XP level 13. HP: 119/124 MP: 17/17
 16340 | Lair:4   | Found a frozen archway.
 16356 | IceCv    | Entered an ice cave
 16380 | IceCv    | Reached skill level 10 in Armour
 16574 | IceCv    | Reached ****** piety under Makhleb
 16941 | IceCv    | Identified the -6 helmet "Zemit" {rCorr MP+9 Dex+2} (You found it in an ice cave)
 17163 | IceCv    | Noticed a frost giant
 17188 | IceCv    | Reached skill level 10 in Dodging
 17204 | IceCv    | Killed a frost giant
 18670 | Lair:5   | Found a staircase to the Slime Pits.
 19168 | Lair:6   | Entered Level 6 of the Lair of Beasts
 19209 | Lair:6   | Reached skill level 15 in Fighting
 20009 | Lair:6   | Reached XP level 14. HP: 135/135 MP: 19/19
 20030 | Lair:6   | HP: 5/202 [dire elephant (9)]
 20030 | Lair:6   | Slain by a dire elephant

Skill      XL: |  1  2  3  4  5  6  7  8  9 10 11 12 13 |
---------------+----------------------------------------+-----
Fighting       | 4 5 6 7 9 10 11 12 14 15 | 15.1
Axes           | 4 5 6 7 8 10 11 12 14 | 14.0
Armour         | 1 2 3 5 6 7 8 9 10 | 10.9
Dodging        | 4 5 6 7 8 9 10 | 10.5
Evocations     | 1 2 3 4 5 6 7 8 |  8.2
Invocations    | 2 4 5 6 7 |  7.7
Stealth        | |  1.5

Action                   |  1- 3 |  4- 6 |  7- 9 | 10-12 | 13-15 || total
-------------------------+-------+-------+-------+-------+-------++-------
Melee: Hand axe          |    66 |   171 |    70 |       |       ||   307
       Headbutt          |     9 |    24 |    57 |   112 |    84 ||   286
       War axe           |       |       |   248 |   523 |   244 ||  1015
       Kick              |       |       |       |   172 |   144 ||   316
       Bite              |       |       |       |    62 |    48 ||   110
       Battleaxe         |       |       |       |       |   128 ||   128
 Abil: Evoke Berserk Rag |       |       |     1 |     1 |       ||     2
Evoke: Wand              |       |     2 |       |       |     3 ||     5
  Use: Scroll            |       |     8 |     4 |    16 |     6 ||    34
       Potion            |       |     4 |       |     4 |     8 ||    16
 Stab: Sleeping          |     3 |     1 |       |       |       ||     4
       Paralysed         |       |     4 |       |       |       ||     4
  Eat: Bread ration      |     1 |     1 |     2 |       |       ||     4
       Meat ration       |       |     1 |     2 |     5 |     2 ||    10
       Royal jelly       |       |       |     1 |     1 |       ||     2
       Chunk             |       |       |       |    11 |       ||    11
Armor: Robe              |     3 |       |       |       |       ||     3
       Leather armour    |     7 |    22 |       |       |       ||    29
       Ring mail         |       |    28 |    23 |    39 |   129 ||   219
       Skin              |       |     9 |     7 |       |       ||    16
       Chain mail        |       |       |    96 |   255 |       ||   351
Dodge: Dodged            |    43 |   116 |   158 |   318 |   344 ||   979
